 Dungeon Crawl Stone Soup version 0.22-a0-231-g1b571ea (webtiles) character file.

60 galech the Ruffian (level 3, -10/36 HPs)
             Began as a Troll Monk on Feb 19, 2018.
             Mangled by Crazy Yiuf
             ... wielding a +4 quarterstaff of chaos
              (14 damage)
             ... on level 2 of the Dungeon on Feb 20, 2018.
             The game lasted 00:03:04 (1007 turns).

galech the Ruffian (Troll Monk)                     Turns: 1007, Time: 00:03:06

Health: -10/36     AC:  5    Str: 20    XL:     3   Next: 82%
Magic:  2/2        EV:  5    Int:  6    God:
Gold:   94         SH: 12    Dex: 12    Spells: 2/2 levels left

rFire    . . .     SeeInvis .     - Unarmed
rCold    . . .     Gourm    +   h - +0 large shield
rNeg     . . .     Faith    .   a - +0 robe
rPois    .         Spirit   .   (helmet restricted)
rElec    .         Reflect  .   (no cloak)
rCorr    .         Harm     .   (gloves unavailable)
MR       .....                  (boots unavailable)
Stlth    +.........             (no amulet)
HPRegen  0.52/turn              (no ring)
MPRegen  0.08/turn              (no ring)

@: lethally poisoned (-10 -> -13), drained
A: large, unfitting armour, claws 3, fast metabolism 3, gourmand, regeneration
1, shaggy fur 1, tough skin 2
a: no special abilities


You were on level 2 of the Dungeon.
You were completely stuffed.

You visited 1 branch of the dungeon, and saw 2 of its levels.

You collected 94 gold pieces.

Inventory:

Armour
 a - a +0 robe (worn)
 h - a +0 large shield (worn)
Wands
 l - a wand of random effects (18)
Scrolls
 c - a scroll of random uselessness {unknown}
 d - a scroll of remove curse {unknown}
 e - a scroll of fear {unknown}
 j - a scroll of immolation {unknown}
Potions
 f - a potion of agility {unknown}
 g - a potion of curing {unknown}
 k - a potion of haste {unknown}
Comestibles
 b - 2 rations
 i - 6 chunks of flesh


   Skills:
 + Level 2.6(2.3) Fighting
 + Level 2.9(2.6) Dodging
 - Level 1.0(0.8) Stealth
 * Level 0.7(0.4) Shields
 * Level 4.0(3.7) Unarmed Combat


You had 2 spell levels left.
You didn't know any spells.

Dungeon Overview and Level Annotations

Branches:
Dungeon (2/15)

Altars:

Annotations:
D:2 Crazy Yiuf


Innate Abilities, Weirdness & Mutations

You are too large for most types of armour.
You have claws for hands.
Your metabolism is lightning-fast.
You like to eat raw meat.
Your natural rate of healing is unusually fast.
You are covered in fur. (AC +1)
You have very tough skin. (AC +2)


Message History

Crazy Yiuf laughs, "Trifle childish arga!"
Crazy Yiuf barely misses you.
You claw Crazy Yiuf!
Crazy Yiuf is severely wounded.
Crazy Yiuf hits you with a quarterstaff of chaos!
* * * LOW HITPOINT WARNING * * *
You are poisoned.
Crazy Yiuf drinks a potion.
Crazy Yiuf is healed!
You barely miss Crazy Yiuf.
* * * LOW HITPOINT WARNING * * *
You feel sick.
Crazy Yiuf whimpers, "Papa King dark!"
You block Crazy Yiuf's attack.
You claw Crazy Yiuf!
Crazy Yiuf is moderately wounded.
* * * LOW HITPOINT WARNING * * *
You feel sick.
Crazy Yiuf says, "Adder!"
Crazy Yiuf hits you with a quarterstaff of chaos!
You die...

#.#....####
#))))#
#####.#.#
##.##......#
♣P)PP♣ ..
........####
♣.))♣♣
.......)+.#
♣♣.♣♣
.......<#.#
♣.♣♣
..........#
♣♣.♣
........###
♣.♣♣
.........#
♣♣.♣
....#.#..###
#@#
##.##.#....#
#.g.#
#.##.##.###
#...#
#.##.####
#..)# #.##.#
#####
#.##+##
#.....#
#.....#
#.....#


You could see Crazy Yiuf.

Vanquished Creatures
  Robin (D:1)
  An adder (D:1)
  An ooze (D:1)
  2 giant cockroaches (D:1)
  12 goblins
  3 hobgoblins
  3 bats
  A frilled lizard (D:1)
  5 kobolds (D:1)
  5 rats (D:1)
34 creatures vanquished.

Notes
Turn   | Place    | Note
-------+----------+-------------------------------------------
     0 | D:1      | galech the Troll Monk began the quest for the Orb.
     0 | D:1      | Reached XP level 1. HP: 22/22 MP: 0/0
   190 | D:1      | Reached XP level 2. HP: 29/29 MP: 1/1
   666 | D:2      | Noticed Robin
   717 | D:1      | Reached XP level 3. HP: 31/36 MP: 2/2
   743 | D:1      | Killed Robin
   972 | D:2      | Reached skill level 4 in Unarmed Combat
   993 | D:2      | Found a runed door.
   994 | D:2      | Upgraded the game from 0.22-a0-224-g8cf3520 to 0.22-a0-231-g1b571ea
   997 | D:2      | Noticed Crazy Yiuf
  1007 | D:2      | Mangled by Crazy Yiuf

Vault maps used:
D:1:      noname_arrival_rooms_in_the_neighbourhood
D:2:      xom_teletrap_fun, uniq_robin, uniq_sigmund, uniq_crazy_yiuf_cottage

Skill      XL: |  1  2  3 |
---------------+----------+-----
Unarmed Combat | 4 |  4.0
Fighting       | |  2.6
Dodging        | |  2.9
Stealth        | |  1.0
Shields        | |  0.7

Action                   || total
-------------------------++-------
Melee: Unarmed           ||    96
 Stab: Sleeping          ||     3
  Eat: Chunk             ||    15
Armor: Robe              ||    51
Dodge: Dodged            ||    40
Block: Large shield      ||    56

Table legend:
 A = Spawn XP
 B = Non-spawn XP
 C = Spawn XP percentage of total XP
 D = Spawn monster count
 E = Non-spawn monster count
 F = Spawn count percentage of total count
 G = Total turns spent on level
                    A         B        C        D         E        F      G
               +---------+---------+-------+---------+---------+-------+---------
         Total |       0 |      87 |   0.0 |       0 |      34 |   0.0 |  1007
               +---------+---------+-------+---------+---------+-------+---------
           D:1 |       0 |      75 |   0.0 |       0 |      28 |   0.0 |   794
           D:2 |       0 |      12 |   0.0 |       0 |       6 |   0.0 |   213
               +---------+---------+-------+---------+---------+-------+---------
